 Dungeon Crawl Stone Soup version 0.28.0-53-g5a82cb258f (webtiles) character file.

Game seed: 15816048858855223385

34 gobodom the Chopper (level 3, -2/28 HPs)
             Began as a Demonspawn Gladiator on June 20, 2022.
             Slain by a phantom (5 damage)
             ... on level 2 of the Dungeon.
             The game lasted 00:03:45 (1484 turns).

gobodom the Chopper (Demonspawn Gladiator)          Turns: 1484, Time: 00:03:46

Health: -2/28      AC:  5    Str: 16    XL:     3   Next: 14%
Magic:  3/3        EV: 11    Int:  9    God:
Gold:   9          SH:  0    Dex: 14    Spells: 2/2 levels left

rFire   . . .      SeeInvis .   a - +0 war axe
rCold   . . .      Faith    .   (no shield)
rNeg    . . .      Spirit   .   j - +0 ring mail
rPois   .          Reflect  .   (helmet restricted)
rElec   .          Harm     .   (no cloak)
rCorr   +          Rampage  .   (no gloves)
Will    .....                   (no boots)
Stlth   +.........              (no amulet)
HPRegen 0.09/turn               i - ring of resist corrosion
MPRegen 0.08/turn               (no ring)

@: no status effects
A: horns 1, ignite blood 1
a: no special abilities


You were on level 2 of the Dungeon.
You visited 1 branch of the dungeon, and saw 2 of its levels.

You collected 9 gold pieces.

Inventory:

Hand Weapons
 a - a +0 war axe (weapon)
Missiles
 f - 21 bolts
Armour
 b - a +0 leather armour
 j - a +0 ring mail (worn)
 k - a +0 robe
Jewellery
 i - a ring of resist corrosion (left hand)
Scrolls
 c - a scroll of teleportation {unknown}
 h - a scroll of identify {unknown}
Potions
 e - a potion of resistance {unknown}
 g - a potion of heal wounds {unknown}


   Skills:
 + Level 2.3 Fighting
 + Level 3.2 Axes
 + Level 1.8 Throwing
 + Level 0.2 Armour
 + Level 3.1 Dodging
 + Level 0.2 Stealth


You had 2 spell levels left.
You didn't know any spells.
Your spell library was empty.

Dungeon Overview and Level Annotations

Branches:
Dungeon (2/15)

Altars:


Innate Abilities, Weirdness & Mutations

You have a pair of small horns on your head.
Your demonic aura sometimes causes spilled blood to erupt in flames.


Message History

The phantom barely misses you.
You closely miss the phantom. Your headbutt misses the phantom.
The phantom is moderately damaged.
The phantom hits you.
The phantom blinks!
You blink.
The phantom hits you.
The phantom blinks!
You blink.
You hit the phantom but do no damage. Your headbutt misses the phantom.
The phantom is moderately damaged.
The phantom hits you!
You hit the phantom.
The phantom is heavily damaged.
The phantom hits you.
* * * LOW HITPOINT WARNING * * *
You see here a rat corpse.
You see here a bat corpse.
A hobgoblin comes into view.
Found 19 stones.
The hobgoblin shouts!
A dart slug comes into view.
The hobgoblin misses you. The dart slug launches a dart at you.
The slug dart hits you.
* * * LOW HITPOINT WARNING * * *
You open the large door. The phantom barely misses you.
The hobgoblin barely misses you.
There is a large open door here.
There is a large open door here.
The phantom barely misses you.
You open the door.
There is an open door here.
The phantom hits you.
* * * LOW HITPOINT WARNING * * *
Found 5 gold pieces.
Found a stone staircase leading up.
The phantom hits you.
* * * LOW HITPOINT WARNING * * *
The phantom blinks!
You blink.
You closely miss the phantom. Your headbutt misses the phantom.
The phantom is moderately damaged.
The phantom barely misses you. The phantom hits you.
You die...

...# #w.#
...# #..#
...# #..#
#### #..#
#..# #..#
#..#
#.$#####.#
#..g.@W..#
#<######.#
###


You could see a phantom and a hobgoblin.

Vanquished Creatures
  6 ball pythons
  2 endoplasms (D:1)
  2 giant cockroaches (D:1)
  2 goblins (D:1)
  7 hobgoblins
  4 bats
  A frilled lizard (D:1)
  2 kobolds (D:1)
  A rat (D:2)
27 creatures vanquished.

Notes
Turn   | Place    | Note
-------+----------+-------------------------------------------
     0 | D:1      | gobodom the Demonspawn Gladiator began the quest for the
                  | Orb.
     0 | D:1      | Reached XP level 1. HP: 16/16 MP: 1/1
   187 | D:1      | Gained mutation: Your demonic aura sometimes causes spilled
                  | blood to erupt in flames. [demonic ancestry]
   187 | D:1      | Reached XP level 2. HP: 16/22 MP: 2/2
  1290 | D:2      | Gained mutation: You have a pair of small horns on your
                  | head. [demonic ancestry]
  1290 | D:2      | Reached XP level 3. HP: 28/28 MP: 3/3
  1431 | D:2      | Noticed a phantom
  1484 | D:2      | Slain by a phantom

Illustrated notes

Levels and vault maps discovered:
D:1:      sevenhm_arrival_forest_fort_large_4, layout_basic, minmay_domino_4
D:2:      layout_basic, hellmonk_ecumenical_altar_leap_of_faith, basic_altar,
          kennysheep_generic_room_2, uniq_sigmund

Skill      XL: |  1  2 |
---------------+-------+-----
Dodging        | 3 |  3.1
Axes           | 3 |  3.2
Fighting       | |  2.3
Throwing       | |  1.8
Armour         | |  0.2
Stealth        | |  0.2

Action                   || total
-------------------------++-------
Melee: War axe           ||    60
Throw: Throwing net      ||     3
 Stab: Sleeping          ||     1
Armor: Leather armour    ||    19
       Ring mail         ||     2
Dodge: Dodged            ||    52
